 Dungeon Crawl Stone Soup version 0.30-a0-137-gd8773701ce (webtiles) character file.

Game seed: 4797479647872184391

165799 juncz the Slayer (level 18, -10/198 HPs)
             Began as a Djinni Conjurer on Sept 21, 2022.
             Was the Champion of Makhleb.
             Shot with an arrow by a satyr (23 damage)
             ... on level 2 of the Shoals.
             The game lasted 02:22:53 (35942 turns).

juncz the Slayer (Djinni Conjurer)                 Turns: 35942, Time: 02:22:54

Health: -10/198    AC: 38    Str: 10    XL:     18   Next: 52%
Gold:   1568       EV: 12    Int: 36    God:    Makhleb [******] SH:  0 Dex: 10

rFire   + + .      SeeInvis +    R - staff of cold
rCold   + + .      Faith    .    (no shield)
rNeg    + . .      Spirit   .    (body armour currently unavailable)
rPois   ∞          Reflect  .    S - +4 hat of Asceticism {rC++ rCorr Dex-4 SInv}
rElec   +          Harm     .    W - +1 cloak {Stlth+}
rCorr   +          Rampage  .    (gloves currently unavailable)
Will    .....                    (boots unavailable)
Stlth   +.........               D - amulet of regeneration
HPRegen 1.23/turn                j - +6 ring of intelligence
MPRegen 0.00/turn                m - +6 ring of intelligence

@: lit by a corona, statue-form, weak-willed, flying, glowing, studying 2
skills, very slow
A: slow and powerful, torment resistance 1, flying, boosted hp, sickness
immunity, fire resistance 2, cold vulnerability 1, float, innate caster, HP
casting, extra vitality 1, strong 1
a: End Transformation, Renounce Religion, Minor Destruction, Lesser Servant of
Makhleb, Major Destruction, Greater Servant of Makhleb


You were on level 2 of the Shoals.
You worshipped Makhleb.
Makhleb was exalted by your worship.
You were a living statue of rough stone.
You visited 6 branches of the dungeon, and saw 28 of its levels.
You visited the Abyss 1 time.
You also visited: Gauntlet and Ice Cave.

You collected 2992 gold pieces.
You spent 1424 gold pieces at shops.

Inventory:

Armour
 t - the -2 hat of the Alchemist {rElec rPois rF+ rC+ rN+ Will+ rMut rCorr}
   (You found it on level 3 of the Spider Nest)

   rF:        It protects you from fire.
   rC:        It protects you from cold.
   rElec:     It insulates you from electricity.
   rPois:     It protects you from poison.
   rN:        It protects you from negative energy.
   rCorr:     It protects you from acid and corrosion.
   rMut:      It protects you from mutation.
   Will:      It increases your willpower.
 C - a +2 pair of gloves (melded)
 S - the +4 hat of Asceticism (worn) {rC++ rCorr Dex-4 SInv}
   (You bought it in a shop on level 2 of the Orcish Mines)

   Dex:       It affects your dexterity (-4).
   rC:        It greatly protects you from cold.
   SInv:      It lets you see invisible.
   rCorr:     It protects you from acid and corrosion.
 T - the +1 robe "Apor" (melded) {rC+ Regen+}
   (You bought it in a shop on level 2 of the Orcish Mines)

   rC:        It protects you from cold.
   Regen:     It increases your rate of health regeneration.
 W - a +1 cloak of stealth (worn)
Magical Staves
 c - a staff of poison
 w - a staff of fire
 R - a staff of cold (weapon)
 Z - a staff of air
Jewellery
 j - a +6 ring of intelligence (left fist)
 m - a +6 ring of intelligence (right fist)
 D - an amulet of regeneration (around neck)
 F - a ring of see invisible
 M - a ring of positive energy
Wands
 e - a wand of flame (4)
 q - a wand of paralysis (6)
 G - a wand of quicksilver (10)
Scrolls
 d - a scroll of torment
 l - 3 scrolls of enchant weapon
 n - a scroll of silence
 u - 3 scrolls of fear
 A - 4 scrolls of teleportation
 K - 2 scrolls of enchant armour
 L - 2 scrolls of poison
 N - a scroll of brand weapon
 P - 3 scrolls of butterflies
 X - a scroll of magic mapping
Potions
 b - 6 potions of ambrosia
 h - 12 potions of curing
 i - 3 potions of haste
 k - 4 potions of lignification
 o - 4 potions of might
 p - 5 potions of cancellation
 v - a potion of brilliance
 x - 2 potions of resistance
 B - 10 potions of mutation
 O - 2 potions of invisibility
Miscellaneous
 a - a phantom mirror
 s - a condenser vane (inert)
 J - a tin of tremorstones (2/2)
 Q - a phial of floods (inert)


   Skills:
 + Level 21.1 Fighting
 - Level 8.0 Armour
 - Level 2.2 Dodging
 - Level 1.6 Stealth
 + Level 16.9 Spellcasting
 - Level 12.0 Invocations


You had 3 spell levels left.
You knew the following spells:

 Your Spells              Type           Power      Damage    Failure   Level
a - Magic Dart            Conj           100%       1d8       0%          1
b - Searing Ray           Conj           100%       2d8       0%          2
c - Dazzling Flash        Conj/Hex       100%       N/A       0%          3
d - Fulminant Prism       Conj/Hex       50%        3d23      0%          4
e - Iskenderun's Mystic   Conj/Tloc      100%       2d19      0%          4
f - Sandblast             Erth           100%       2d20      0%          1
g - Poisonous Vapours     Pois/Air       100%       N/A       0%          2
h - Teleport Other        Tloc           100%       N/A       0%          3
i - Hailstorm             Conj/Ice       100%       3d20      0%          4
j - Metabolic Englaciati  Hex/Ice        62%        N/A       1%          5
k - Iskenderun's Battles  Conj           100%       2d15      1%          5
l - Statue Form           Tmut/Erth      67%        N/A       1%          6
m - Summon Hydra          Summ           50%        N/A       1%          7
Your spell library was empty.

Dungeon Overview and Level Annotations

Branches:
Dungeon (15/15)            Temple (0/1) D:6            Lair (5/5) D:11
 Shoals (2/4) Lair:2       Spider (3/4) Lair:2        Slime (1/5) Lair:5
    Orc (2/2) D:11            Elf (0/3) Orc:2        Vaults (0/5) D:13
 Depths (0/4) D:15          IceCv (visited)         Gauntlet (visited)

Altars:
Ashenzari
Makhleb
Qazlal
Uskayaw
Yredelemnul
Zin
The Shining One
Jiyva

Shops:
D:1 *(*?!   D:10 (   Orc:2 [[[*

Portals:
Trove: D:10 (give +3 gold dragon scales)

Annotations:
D:11 1 runed translucent door
D:15 3 runed translucent doors, Huipt's ghost, journeyman DEFE


Innate Abilities, Weirdness & Mutations

You are a living statue of rough stone.
Your actions are slow, but your melee attacks are powerful.
You are resistant to unholy torment.
You are flying.
Your maximum health is greatly increased.
Your equipment is partially melded.
You are immune to sickness and miasma.
You are immune to poison.
Your flesh is very heat resistant. (rF++)
You are vulnerable to cold. (rC-)
You float through the air rather than walking.
You learn spells naturally, not from books.
Your magical power is your life essence.
You have superior vitality. (+4 MHP)
Your muscles are strong. (Str +4, Int/Dex -1)


Message History

* * * LOW HITPOINT WARNING * * *
The faun shoots a sling bullet.
The sling bullet closely misses you.
The merfolk impaler hits you but does no damage.
Casting: Statue Form (mildly dangerous; 1% risk of failure)
Confirm with . or Enter, or press ? or * to list all spells.
Okay, then.
Aim the phial where?
Press: ? - help, Shift-Dir - straight line, f - faun
Aim: a faun, wielding a +0 sling (heavily wounded, strong)
The torrent of water hits the faun!
The faun is severely wounded.
The wave splashes down.
The faun is engulfed in water.
You hear a shout!
The merfolk impaler completely misses you.
The faun shoots a sling bullet.
The sling bullet closely misses you.
The faun shoots a sling bullet.
The sling bullet closely misses you.
The merfolk impaler hits you but does no damage.
The merfolk impaler hits you from afar with a +0 trident.
* * * LOW HITPOINT WARNING * * *
The faun shoots a sling bullet.
The sling bullet closely misses you.
The faun shoots a sling bullet.
The sling bullet hits you!
* * * LOW HITPOINT WARNING * * *
Casting: Statue Form (mildly dangerous; 1% risk of failure)
Confirm with . or Enter, or press ? or * to list all spells.
A six-headed hydra appears.
* * * LOW HITPOINT WARNING * * *
The satyr shoots an arrow.
The arrow hits you!
* * * LOW HITPOINT WARNING * * *
The merfolk impaler hits you but does no damage.
The faun shoots a sling bullet.
The sling bullet hits you!
* * * LOW HITPOINT WARNING * * *
The faun shoots a sling bullet.
The sling bullet hits you but does no damage.
The merfolk impaler barely misses you.
The satyr shoots an arrow.
The arrow misses you.
The faun unwields a +0 sling.
The faun wields a +0 club.
The faun barely misses you.
The merfolk impaler hits you but does no damage.
The satyr shoots an arrow.
The arrow hits you!!
You die...

~~≈~~.....~........~~≈≈≈≈~~~~~~
~~~#####.†.#####...~~≈≈≈≈~~~~~~
~~~#...##†##...#...~~~≈≈≈≈~~~~~
~~~#.(~~#'#~~$.#...~~≈≈≈≈≈≈~~~~
~~~#.~~~≈~≈~~~.#..~~~≈≈≈≈≈≈≈~~~
~~~##~~~~~~~~~##..c~~≈≈≈≈≈≈≈≈~~
....##≈~~~~~≈##~)cm~~≈≈≈≈≈≈≈≈≈~
.....#~~~<~~~#~c)[~~~≈≈≈≈≈≈≈≈≈#
....##≈~~~~~≈##?8~~~≈≈≈≈≈≈≈≈≈≈#
...##~~~~~~~~~##D~~~≈≈≈≈≈≈≈≈≈≈#
...#.~~~≈~≈~~~.#~~~~≈≈≈≈≈≈≈≈≈≈#
...#.$~~#+#~~[.#~~~~≈≈≈≈≈≈≈≈≈≈#
.).#...##.##...#~~~~≈≈≈≈≈≈≈≈≈≈#
)).#####...#####~~~~≈≈≈≈≈≈≈≈≈≈#
##........^..(~~~~~~~~~≈≈≈≈≈≈≈#
##.~~........)~~~~~~~~~~≈≈≈≈≈≈#
#..~~~.......~~~~~~~~~~~≈≈≈≈≈≈#


You could see a merfolk impaler, a satyr, 2 fauns and a friendly six-headed
hydra (summoned).

Vanquished Creatures
  Rupert (D:13)
  Frances (Shoals:1)
  The ghost of Fawason the Bringer of Light, an adept HuFi of the Shining One (Spider:3)
  4 tentacled starspawn (Abyss:2)
  Roxanne (D:15)
  An emperor scorpion (Spider:2)
  3 ghost moths
  An orc warlord (Orc:2)
  A quicksilver ooze (Gauntlet)
  2 reapers (IceCv)
  2 broodmothers
  A minotaur (Gauntlet)
  Azrael (Orc:2)
  A dire elephant (Lair:3)
  A merfolk impaler (Shoals:2)
  An entropy weaver (Spider:3)
  Josephine (D:15)
  5 vault guards (D:13)
  The ghost of IdlyInterested the Fighter, a journeyman DjGl of Ashenzari (Lair:1)
  An ice dragon (Shoals:2)
  7 catoblepae
  2 jorogumos
  2 hydras
  A caustic shrike simulacrum (IceCv)
  Erica (Orc:1)
  4 centaur warriors
  2 boulder beetles (Lair:5)
  A satyr (Shoals:2)
  A two-headed ogre (D:10)
  2 thrashing horrors (Abyss:2)
  9 death yaks (Lair:5)
  3 tengu warriors
  An orc high priest (Orc:1)
  A deep elf knight (D:13)
  2 sun moths
  4 pharaoh ants
  2 wretched stars (Abyss:2)
  3 skeletal warriors (D:13)
  3 steelbarb worms
  A bog body (IceCv)
  6 orb spiders
  2 obsidian statues (IceCv)
  5 wizards
  A sea snake (Shoals:2)
  A lindwurm (Lair:3)
  A necromancer (D:15)
  11 orc knights
  3 deep elf pyromancers
  4 harpies (Shoals:2)
  5 orc sorcerers
  9 manticores
  11 ugly things
  8 wolf spiders
  9 fauns
  4 cyclopes
  A moth of wrath (Spider:2)
  9 black mambas
  20 elephants
  6 large abominations
  Maurice (D:11)
  A rust devil (Abyss:2)
  A water nymph (Shoals:1)
  A merfolk siren (Shoals:2)
  An apocalypse crab (Abyss:2)
  An eye of devastation (Gauntlet)
  2 smoke demons (Abyss:2)
  3 torpor snails
  A gargoyle (D:14)
  A centaur skeleton (D:15)
  2 rime drakes (Lair:3)
  2 unseen horrors
  11 cane toads
  A yaktaur (D:13)
  4 kobold demonologists
  An ice devil (IceCv)
  6 freezing wraiths
  9 komodo dragons
  7 demonic crawlers
  A tengu conjurer (D:14)
  A polar bear (Lair:1)
  4 golden dragon simulacra (IceCv)
  8 trolls
  6 merfolk
  3 meliai (Spider:1)
  2 wind drakes
  Prince Ribbit (D:8)
  11 tarantellas
  20 blink frogs
  A raiju (Abyss:2)
  A blink frog (shapeshifter) (D:15)
  2 slime creatures (Lair:5)
  3 dream sheep
  A ynoxinul (Abyss:2)
  2 centaur simulacra (D:15)
  5 wyverns
  3 vampires
  18 jumping spiders
  A dire elephant simulacrum (IceCv)
  10 culicivoras
  A fire bat (Abyss:2)
  8 wraiths
  A shadow (D:12)
  3 basilisks
  46 yaks
  A golden eye (Gauntlet)
  4 fire elementals (Orc:2)
  13 redbacks
  2 steam dragons
  A human (D:8)
  4 vampire mosquitoes
  A minotaur simulacrum (IceCv)
  8 wargs
  An acid dragon (D:9)
  7 hell hounds
  Duvessa (D:4)
  4 hydra simulacra (IceCv)
  10 water moccasins
  2 ice beasts
  3 black bears
  49 orc warriors
  A swamp drake (D:11)
  A sky beast (D:6)
  15 wolves
  4 ettin simulacra (IceCv)
  10 centaurs
  6 ogres
  9 small abominations
  10 kobold brigands
  2 phantoms (D:6)
  2 necrophages
  14 bullfrogs
  2 gnoll sergeants
  A deep troll simulacrum (IceCv)
  2 scorpions
  12 wights
  Dowan (D:4)
  5 killer bees (D:9)
  4 howler monkeys
  An electric eel (Lair:3)
  2 crimson imps (Abyss:2)
  A starcursed mass (Abyss:2)
  2 hounds
  4 jellies
  13 orc priests
  3 iguanas
  4 hell rats (Lair:5)
  A boggart skeleton (D:15)
  25 orc wizards
  10 gnolls
  11 adders
  3 shadow imps
  5 white imps
  2 ufetubi
  2 worms
  5 dart slugs
  123 orcs
  5 ball pythons
  14 endoplasms
  3 giant cockroaches
  9 goblins
  9 hobgoblins
  12 jackals
  28 kobolds
  4 quokkas
  9 bats
  5 frilled lizards
  A goblin skeleton (D:8)
  A jackal zombie (D:8)
  A kobold zombie (D:8)
  4 rats
  29 fulminant prisms
  2 starspawn tentacles (Abyss:2)
983 creatures vanquished.

Vanquished Creatures (collateral kills)
  2 catoblepae (Shoals:2)
  A merfolk avatar (Shoals:2)
  A manticore (Shoals:2)
  3 meliai (Spider:1)
  A demonic crawler (Spider:1)
  A merfolk (Shoals:2)
  A snapping turtle (Shoals:2)
  A culicivora (Spider:1)
11 creatures vanquished.

Vanquished Creatures (others)
  A starcursed mass (Abyss:2)
  An orc (Orc:2)
  A bush (Lair:4)
  4 demonic plants (Gauntlet)
  57 fulminant prisms
  21 fungi
  49 plants
  12 starspawn tentacles (Abyss:2)
  7 toadstools (Lair:3)
153 creatures vanquished.

Grand Total: 1147 creatures vanquished

Notes
Turn   | Place    | Note
-------+----------+-------------------------------------------
     0 | D:1      | juncz the Djinni Conjurer began the quest for the Orb.
     0 | D:1      | juncz set off with the following spells memorised: Magic
                  | Dart, Searing Ray, Dazzling Flash, Fulminant Prism,
                  | Iskenderun's Mystic Blast.
     0 | D:1      | Reached XP level 1. HP: 15/15 MP: 0/0
   356 | D:1      | Reached XP level 2. HP: 18/22 MP: 0/0
   406 | D:1      | Reached skill level 1 in Fighting
   680 | D:1      | Found Estros's Magic Scroll Boutique.
   691 | D:1      | Bought a scroll of identify for 24 gold pieces
   748 | D:1      | Reached XP level 3. HP: 11/27 MP: 0/0
   748 | D:1      | Learned a level 1 spell: Sandblast
  1146 | D:1      | Found Araam's Assorted Antiques.
  1430 | D:1      | Found Ysac's Weapon Emporium.
  1442 | D:1      | Found Ziffokie's General Store.
  1497 | D:1      | Reached skill level 2 in Fighting
  1609 | D:1      | Reached XP level 4. HP: 32/33 MP: 0/0
  1707 | D:1      | Found Dac Doupt's Distillery.
  1723 | D:1      | Bought a potion of heal wounds for 60 gold pieces
  1902 | D:2      | Found a faded altar of an unknown god.
  2735 | D:1      | Bought a scroll of identify for 24 gold pieces
  2909 | D:3      | Found a broken altar of Ashenzari.
  2927 | D:3      | Reached XP level 5. HP: 38/39 MP: 0/0
  2927 | D:3      | Learned a level 2 spell: Poisonous Vapours
  3356 | D:3      | Reached skill level 3 in Fighting
  3924 | D:3      | Found a burning altar of Makhleb.
  3924 | D:3      | Noticed a green death
  3927 | D:3      | Noticed a neqoxec
  3927 | D:3      | Noticed a hellwing
  3929 | D:3      | Became a worshipper of Makhleb the Destroyer
  4223 | D:4      | Noticed Dowan
  4225 | D:4      | Noticed Duvessa
  4238 | D:4      | Killed Dowan
  4238 | D:4      | Killed Duvessa
  4239 | D:4      | Reached skill level 4 in Fighting
  4239 | D:4      | Reached XP level 6. HP: 29/47 MP: 0/0
  4604 | D:4      | Reached XP level 7. HP: 46/53 MP: 0/0
  4604 | D:4      | Learned a level 3 spell: Teleport Other
  4865 | D:4      | Reached skill level 5 in Spellcasting
  5102 | D:4      | Reached skill level 5 in Fighting
  5200 | D:5      | Entered Level 5 of the Dungeon
  5544 | D:5      | Found a stormy altar of Qazlal.
  5561 | D:5      | Reached XP level 8. HP: 24/60 MP: 0/0
  5794 | D:5      | Reached skill level 6 in Fighting
  5823 | D:5      | Found a glowing silver altar of Zin.
  5956 | D:5      | Reached * piety under Makhleb
  6807 | D:1      | Bought a scroll of identify for 24 gold pieces
  6807 | D:1      | Bought a scroll of identify for 24 gold pieces
  6807 | D:1      | Bought a scroll of identify for 24 gold pieces
  6848 | D:1      | Bought a scroll of identify for 26 gold pieces
  7016 | D:6      | Reached skill level 7 in Fighting
  7050 | D:6      | Reached XP level 9. HP: 61/68 MP: 0/0
  7050 | D:6      | Learned a level 4 spell: Hailstorm
  7233 | D:6      | Found a staircase to the Ecumenical Temple.
  7414 | D:6      | Reached skill level 8 in Fighting
  8657 | D:7      | Found a glowing golden altar of the Shining One.
  9062 | D:7      | Reached ** piety under Makhleb
  9307 | D:8      | Reached skill level 9 in Fighting
  9369 | D:8      | Reached XP level 10. HP: 67/78 MP: 0/0
  9593 | D:8      | Found a runed translucent door.
  9671 | D:8      | Noticed Prince Ribbit
  9675 | D:8      | Killed Prince Ribbit
  9910 | D:8      | Reached skill level 10 in Fighting
 10229 | D:8      | Found a basalt altar of Yredelemnul.
 11686 | D:9      | Noticed a kobold demonologist
 11694 | D:9      | Killed a kobold demonologist
 11695 | D:9      | Reached skill level 11 in Fighting
 11695 | D:9      | Reached XP level 11. HP: 87/87 MP: 0/0
 11695 | D:9      | Learned a level 5 spell: Metabolic Englaciation
 11721 | D:9      | Reached *** piety under Makhleb
 12844 | D:10     | Entered Level 10 of the Dungeon
 13009 | D:10     | Found Ewah's Antique Weapon Boutique.
 13245 | D:10     | Noticed a two-headed ogre
 13256 | D:10     | Killed a two-headed ogre
 13257 | D:10     | Reached skill level 12 in Fighting
 13257 | D:10     | Reached skill level 10 in Spellcasting
 13413 | D:10     | Found a portal to a secret trove of treasure.
 13471 | D:11     | Reached **** piety under Makhleb
 13797 | D:11     | Noticed Maurice
 13808 | D:11     | Killed Maurice
 13937 | D:11     | Found a staircase to the Lair.
 14035 | D:11     | Found a staircase to the Orcish Mines.
 14081 | D:11     | Noticed a manticore
 14091 | D:11     | Killed a manticore
 14092 | D:11     | Reached XP level 12. HP: 62/96 MP: 0/0
 14365 | D:11     | Found a runed translucent door.
 14374 | D:11     | Noticed a storm dragon
 14378 | D:11     | Reached skill level 13 in Fighting
 14851 | D:11     | Noticed a boulder beetle
 15188 | D:12     | Reached ***** piety under Makhleb
 15748 | Lair:1   | Entered Level 1 of the Lair of Beasts
 15788 | Lair:1   | Found a runed translucent door.
 15790 | Lair:1   | Noticed IdlyInterested's ghost (journeyman DjGl)
 15819 | Lair:1   | Killed IdlyInterested's ghost
 15820 | Lair:1   | Reached skill level 14 in Fighting
 16574 | Lair:1   | Reached XP level 13. HP: 99/106 MP: 0/0
 16574 | Lair:1   | Learned a level 5 spell: Iskenderun's Battlesphere
 17101 | Lair:2   | Found a gate leading to a gauntlet.
 17119 | Gauntlet | Entered a Gauntlet
 17119 | Gauntlet | Found a transporter.
 17120 | Gauntlet | Identified a scroll of acquirement
 17133 | Gauntlet | Found a transporter.
 17136 | Gauntlet | Found a transporter.
 17137 | Gauntlet | Found a transporter.
 17145 | Gauntlet | Found a transporter.
 17148 | Gauntlet | Found a transporter.
 17149 | Gauntlet | Found a transporter.
 17161 | Gauntlet | Found a transporter.
 17162 | Gauntlet | Found a transporter.
 17170 | Gauntlet | Found a transporter.
 17173 | Gauntlet | Found a transporter.
 17174 | Gauntlet | Found a transporter.
 17185 | Gauntlet | Found a transporter.
 17190 | Gauntlet | Noticed a quicksilver ooze
 17228 | Gauntlet | Found a transporter.
 17453 | Gauntlet | Identified the +1 helmet "Jisiustra" {Str+3 Slay+3}
 17699 | Gauntlet | Killed a quicksilver ooze
 17700 | Gauntlet | Reached skill level 15 in Fighting
 17845 | Gauntlet | Noticed a minotaur
 17851 | Gauntlet | Killed a minotaur
 18193 | Lair:2   | Acquired a manual of Invocations
 18316 | Lair:2   | Reached skill level 1 in Invocations
 18317 | Lair:2   | Found a hole to the Spider Nest.
 18367 | Lair:2   | Found a staircase to the Shoals.
 19181 | Lair:3   | Reached skill level 5 in Invocations
 19446 | Lair:3   | Found a runed translucent door.
 19470 | Lair:3   | Noticed a catoblepas
 19470 | Lair:3   | Noticed a dire elephant
 19536 | Lair:3   | Reached XP level 14. HP: 95/115 MP: 0/0
 19883 | Lair:3   | Killed a dire elephant
 20095 | Lair:4   | Reached skill level 16 in Fighting
 20096 | Lair:4   | Reached ****** piety under Makhleb
 20624 | Lair:4   | Acquired a manual of Armour
 20657 | Lair:4   | Reached skill level 1 in Armour
 20978 | Lair:5   | Entered Level 5 of the Lair of Beasts
 21292 | Lair:5   | Reached skill level 5 in Armour
 21294 | Lair:5   | Reached skill level 10 in Invocations
 21402 | Lair:5   | Found a staircase to the Slime Pits.
 21402 | Lair:5   | Found a viscous altar of Jiyva.
 21458 | Lair:5   | Reached XP level 15. HP: 93/122 MP: 0/0
 21458 | Lair:5   | Learned a level 6 spell: Statue Form
 22353 | Lair:5   | Reached skill level 17 in Fighting
 22593 | Orc:1    | Entered Level 1 of the Orcish Mines
 22967 | Orc:1    | Noticed Erica
 22980 | Orc:1    | Killed Erica
 23233 | Orc:2    | Entered Level 2 of the Orcish Mines
 23576 | Orc:2    | Noticed Azrael
 23584 | Orc:2    | Killed Azrael
 23734 | Orc:2    | Noticed an orc warlord
 23742 | Orc:2    | Killed an orc warlord
 23761 | Orc:2    | Found a staircase to the Elven Halls.
 23805 | Orc:2    | Found Ughexe's Armour Shoppe.
 23807 | Orc:2    | Found Pueradas's Antique Armour Shop.
 24209 | Orc:2    | Found Cyxko's Armour Shop.
 24209 | Orc:2    | Found Vineoff's General Store.
 24214 | Orc:2    | Reached XP level 16. HP: 130/132 MP: 0/0
 24226 | Orc:2    | Bought a scroll of identify for 30 gold pieces
 24238 | Orc:2    | Bought the +4 hat of Asceticism {rC++ rCorr Dex-4 SInv} for
                  | 698 gold pieces
 24393 | Orc:2    | Bought a fine robe for 142 gold pieces
 24393 | Orc:2    | Identified the +1 robe "Apor" {rC+ Regen+} (You bought it
                  | in a shop on level 2 of the Orcish Mines)
 24393 | Orc:2    | Bought a jewelled helmet for 237 gold pieces
 24393 | Orc:2    | Identified the +1 helmet of the Hall of Blades {Will+
                  | Str+2} (You bought it in a shop on level 2 of the Orcish
                  | Mines)
 24723 | D:13     | Noticed Rupert
 25072 | D:13     | Killed Rupert
 25073 | D:13     | Reached skill level 18 in Fighting
 25509 | D:13     | Found a gate to the Vaults.
 25943 | D:15     | Entered Level 15 of the Dungeon
 26233 | D:15     | Identified Roxanne's Treatise on Evolution
 26233 | D:15     | Noticed Roxanne
 26251 | D:15     | Noticed Josephine
 26257 | D:15     | Killed Josephine
 26258 | D:15     | Reached skill level 15 in Spellcasting
 26333 | D:15     | Killed Roxanne
 26380 | D:15     | Found a hide-covered altar of Uskayaw.
 26428 | D:15     | Paralysed by an orc sorcerer for 2 turns
 26448 | D:15     | Found a staircase to the Depths.
 26750 | Abyss:2  | Cast into level 2 of the Abyss (a wizard)
 26882 | Abyss:2  | Noticed a tentacled starspawn
 26896 | Abyss:2  | Killed a tentacled starspawn
 26910 | Abyss:2  | Noticed a bone dragon
 26928 | Abyss:2  | HP: 7/174 [bone dragon (10)]
 26930 | Abyss:2  | HP: 2/174 [bone dragon (9)]
 27094 | Abyss:2  | Noticed a bone dragon
 27123 | Abyss:2  | Reached skill level 19 in Fighting
 27181 | Abyss:2  | Noticed a daeva
 27204 | Abyss:2  | Noticed a tentacled starspawn
 27299 | Abyss:2  | Noticed a tentacled starspawn
 27378 | Abyss:2  | Killed a tentacled starspawn
 27389 | Abyss:2  | Noticed a lich
 27482 | Abyss:2  | Reached XP level 17. HP: 123/141 MP: 0/0
 27482 | Abyss:2  | Learned a level 7 spell: Summon Hydra
 27611 | Abyss:2  | Noticed a tentacled starspawn
 27619 | Abyss:2  | Noticed a tentacled starspawn
 27625 | Abyss:2  | Killed a tentacled starspawn
 27627 | Abyss:2  | Killed a tentacled starspawn
 27637 | D:15     | Escaped the Abyss
 27857 | D:15     | Found a runed translucent gate.
 27858 | D:15     | Found a runed translucent gate.
 27858 | D:15     | Found a runed translucent gate.
 27860 | D:15     | Noticed a lich
 27860 | D:15     | Noticed a lich
 27860 | D:15     | Noticed a lich
 27860 | D:15     | Noticed a lich
 27861 | D:15     | Noticed Huipt's ghost (journeyman DEFE)
 27868 | D:15     | Identified the +8 short sword of the Sky {freeze, Str+3}
 29003 | D:14     | Gained mutation: Your muscles are strong. (Str +4, Int/Dex
                  | -1) [potion of mutation]
 29470 | D:1      | Bought a scroll of teleportation for 36 gold pieces
 29769 | Orc:2    | Bought a potion of heal wounds for 75 gold pieces
 30021 | Spider:1 | Entered Level 1 of the Spider Nest
 31264 | Spider:2 | Reached skill level 20 in Fighting
 32775 | Spider:3 | Found a transporter.
 32780 | Spider:3 | Noticed Fawason's ghost (adept HuFi)
 32788 | Spider:3 | Found a transporter.
 32789 | Spider:3 | Found the -2 hat of the Alchemist {rElec rPois rF+ rC+ rN+
                  | Will+ rMut rCorr}
 33029 | Spider:3 | Killed Fawason's ghost
 33030 | Spider:3 | Reached XP level 18. HP: 122/151 MP: 0/0
 33280 | Slime:1  | Entered Level 1 of the Pits of Slime
 33284 | Slime:1  | Noticed an acid blob
 33288 | Slime:1  | Noticed an acid blob
 33289 | Slime:1  | Noticed an acid blob
 33725 | Shoals:1 | Entered Level 1 of the Shoals
 34477 | Shoals:1 | Noticed Frances
 34491 | Shoals:1 | Killed Frances
 35034 | Shoals:2 | Identified the +4 broad axe "Rycwissu" {spect, rN+ rCorr
                  | Int+4}
 35053 | Shoals:2 | Found a frozen archway.
 35125 | IceCv    | Entered an ice cave
 35662 | IceCv    | Reached skill level 21 in Fighting
 35937 | Shoals:2 | HP: 6/198 [satyr/arrow (13)]
 35942 | Shoals:2 | Shot with an arrow by a satyr

Illustrated notes

Levels and vault maps discovered:
D:1:      wander_arrival_peaceful_grave, layout_basic, serial_shops,
          shop_statue, shop, nicolae_shop_stone, shop, nicolae_shop_stone,
          serial_park_tiny_pond
D:2:      minmay_skewed_foursquare, layout_basic, basic_ecumenical_altar
D:3:      layout_basic, mainiacjoe_overflow_six_doors_small,
          makhleb_altar_promises_db, st_stairs_10, kennysheep_cross_bottleneck,
          kennysheep_generic_room_7
D:4:      layout_basic, uniq_duvessa
D:5:      wad_river_or_something, layout_loops_ring,
          mainiacjoe_overflow_catwalk, gammafunk_temple_overflow_statue
D:6:      layout_loops_ring, minmay_temple_entry_statues_fountains,
          minivault_11, item_on_display_a
D:7:      layout_rooms, tso_metal_star
D:8:      layout_layer_cave, dk_yredelemnul_ordeal, uniq_prince_ribbit1
D:9:      layout_layer_cave, special_room [special_room_kobold]
D:10:     layout_long_grid, nicolae_trove_entry_crystal, serial_shops,
          kennysheep_little_box, minmay_strange_pillars,
          minmay_misc_feat_secret_circle, kb_lookout_dungeons_type,
          dk_noncrumbling_2
D:11:     layout_loops_ring, lair_entry_dummy, erik_orc_1, minmay_crystal_room,
          minivault_13, uniq_maurice
D:12:     layout_basic
D:13:     layout_roguey, grunt_vaults_entry_fortified, uniq_rupert
D:14:     layout_long_grid, infiniplex_staircase_zigzag_2
D:15:     grunt_enter_depths_magical_seal, layout_irregular_city,
          nicolae_uskayaw_en_pointe, gammafunk_ghost_crypt, uniq_josephine,
          uniq_roxanne
Lair:1:   layout_cave_pods, ebering_ghost_inner_flame, st_stairs_9
Lair:2:   layout_cave_pods, shoals_dummy_entry,
          hellmonk_spider_entry_life_and_decay, gauntlet_entry_generic,
          serial_bayou_shore_b, lemuel_fruit_tree
Lair:3:   gammafunk_lair_enchanted_lake, layout_hall_layers, beast_lair_carwin_4
Lair:4:   layout_layer_cave
Lair:5:   evilmike_catoblepas_cave, layout_regular_city,
          minmay_slime_entry_pillars, infiniplex_staircase_pool
Shoals:1: layout_shoals, uniq_frances
Shoals:2: nzn_motion_control, layout_shoals, portal_ice_cave_entry_dragon,
          uniq_ilsuiw
Spider:1: layout_spider_delve
Spider:2: layout_spider_delve, nicolae_spider_webbed_stairs
Spider:3: layout_cave_pods, gammafunk_ghost_arena
Slime:1:  layout_caves
Orc:1:    layout_diamond_mine, basic_altar, kennysheep_orc_chapel, uniq_erica
Orc:2:    st_orc_town, layout_diamond_mine, basic_altar, uniq_azrael

Skill      XL: |  1  2  3  4  5  6  7  8  9 10 11 12 13 14 15 16 17 18 |
---------------+-------------------------------------------------------+-----
Fighting       | 1 2 4 5 7 9 11 12 14 15 16 17 19 20 21 | 21.1
Spellcasting   | 4 5 6 7 9 10 11 12 13 14 15 16 | 16.9
Invocations    | 6 10 12 | 12.0
Armour         | 6 8 |  8.0
Dodging        | |  2.2
Stealth        | |  1.6

Action                   |  1- 3 |  4- 6 |  7- 9 | 10-12 | 13-15 | 16-18 || total
-------------------------+-------+-------+-------+-------+-------+-------++-------
Melee: Unarmed           |       |       |       |     1 |       |       ||     1
       Staff             |       |       |       |       |     3 |     3 ||     6
 Cast: Magic Dart        |    47 |    59 |    35 |    49 |    35 |    21 ||   246
       Sandblast         |    24 |    41 |    72 |    54 |    52 |    44 ||   287
       Poisonous Vapours |       |     5 |     2 |     7 |     6 |    22 ||    42
       Fulminant Prism   |       |     1 |    23 |    14 |       |    48 ||    86
       Iskenderun's Myst |       |     1 |    12 |   200 |   418 |   482 ||  1113
       Hailstorm         |       |       |     1 |       |       |     3 ||     4
       Metabolic Englaci |       |       |       |     1 |       |     2 ||     3
       Iskenderun's Batt |       |       |       |       |    13 |     7 ||    20
       Teleport Other    |       |       |       |       |     4 |       ||     4
       Statue Form       |       |       |       |       |     1 |     7 ||     8
       Summon Hydra      |       |       |       |       |       |     5 ||     5
Invok: Greater Servant o |       |       |       |       |       |     1 ||     1
Evoke: Phial of floods   |       |       |       |       |       |     1 ||     1
       Condenser vane    |       |       |       |       |       |     1 ||     1
  Use: Scroll            |       |     7 |     5 |     9 |    12 |    20 ||    53
       Potion            |       |       |       |       |       |    10 ||    10
Armor: Robe              |     1 |     3 |     1 |    27 |    39 |   125 ||   196
       Skin              |       |       |       |       |     7 |    80 ||    87
Dodge: Dodged            |     9 |    11 |    23 |    58 |    74 |   240 ||   415

Table legend: (Time is in decaauts)
 A = Elapsed time spent in this place.
 B = Non-inter-level travel time spent in this place.
 C = Inter-level travel time spent in this place.
 D = Time resting spent in this place.
 E = Time spent auto-exploring this place.
 F = Levels seen in this place.
 G = Mean time per level.
                   A        B        C        D        E       F      G
               +--------+--------+--------+--------+--------+-----+--------+
         Total |  36304 |  33341 |   2963 |   9025 |  18901 |  31 | 1171.1 |
       Dungeon |  20503 |  18646 |   1857 |   5013 |  11481 |  15 | 1366.9 |
          Lair |   6457 |   5882 |    575 |   1402 |   3533 |   5 | 1291.4 |
        Shoals |   1523 |   1489 |     34 |    495 |    688 |   2 |  761.5 |
   Spider Nest |   3081 |   2816 |    265 |    639 |   1716 |   3 | 1027.0 |
    Slime Pits |     15 |     15 |      0 |      0 |      2 |   1 |   15.0 |
  Orcish Mines |   2017 |   1788 |    229 |    369 |   1104 |   2 | 1008.5 |
         Abyss |    902 |    902 |      0 |    105 |     70 |   1 |  902.0 |
      Ice Cave |    730 |    730 |      0 |    420 |    108 |   1 |  730.0 |
      Gauntlet |   1071 |   1071 |      0 |    581 |    198 |   1 | 1071.0 |
               +--------+--------+--------+--------+--------+-----+--------+

Top non-repeatable levels by time:
     D:1: 2089 daAuts
     D:9: 2025 daAuts
  Lair:5: 1928 daAuts
    D:11: 1707 daAuts
     D:8: 1675 daAuts
     D:3: 1616 daAuts
     D:6: 1615 daAuts
     D:5: 1575 daAuts
  Lair:1: 1442 daAuts
    D:15: 1385 daAuts
   Orc:2: 1355 daAuts
    D:13: 1311 daAuts
Spider:2: 1276 daAuts
Shoals:1: 1229 daAuts
     D:4: 1177 daAuts
